 Dungeon Crawl Stone Soup version 0.13-a0-2305-ge00d11d (console) character file.

120 Illaniel the Charmwright (level 3, -3/23 HPs)
             Began as a High Elf Skald on July 9, 2013.
             Slain by a worm (8 damage)
             ... on Level 2 of the Dungeon.
             The game lasted 00:07:26 (1343 turns).

Illaniel the Charmwright (High Elf Skald)           Turns: 1343, Time: 00:07:27

HP  -3/23        AC  3     Str 11      XL: 3   Next: 57%
MP   0/9         EV 11     Int 16      God:
Gold 69          SH  0     Dex 18      Spells:  3 memorised,  3 levels left

Res.Fire  : . . .   See Invis. : .   a - +0 elf short sword
Res.Cold  : . . .   Warding    : .   b - +0 elf leather armour
Life Prot.: . . .   Conserve   : .   (no shield)
Res.Poison: .       Res.Corr.  : .   (no helmet)
Res.Elec. : .       Clarity    : .   (no cloak)
Sust.Abil.: . .     Spirit.Shd : .   (no gloves)
Res.Mut.  : .       Stasis     : .   (no boots)
Res.Rott. : .       Flight     : .   (no amulet)
Saprovore : . . .                    l - +2 ring of dexterity
                                     i - +1 ring of dexterity

@: slightly resistant to hostile enchantments, unstealthy
A: no striking features
a: Stop Singing


You were on level 2 of the Dungeon.
You were very hungry.

You visited 1 branch of the dungeon, and saw 2 of its levels.

You collected 49 gold pieces.

Inventory:

Hand weapons
 a - a +0,+0 elven short sword (weapon)
 g - a +0,+0 sling
Missiles
 m - 16 poisoned needles
Armour
 b - a +0 elven leather armour (worn)
Comestibles
 d - a bread ration
 f - 2 meat rations
 k - a pear
Scrolls
 e - a scroll of fear {unknown}
 h - a scroll of enchant armour {unknown}
 j - a scroll of remove curse {unknown}
Jewellery
 i - a +1 ring of dexterity (left hand)
 l - a +2 ring of dexterity (right hand)
Books
 c - a book of Battle

   Spells                             Type                      Level
   *Infusion                          Charms                       1
   *Shroud of Golubria                Charms/Translocation         2
   *Song of Slaying                   Charms                       2
   Spectral Weapon                    Hexes/Charms                 3
   Regeneration                       Charms/Necromancy            3
   Song of Shielding                  Charms                       4


   Skills:
 + Level 2.2 Fighting
 - Level 2.4 Short Blades
 + Level 1.4 Armour
 + Level 1.7 Dodging
 + Level 3.3 Spellcasting
 + Level 4.1 Charms


You had 3 spell levels left.
You knew the following spells:

 Your Spells              Type           Power        Failure   Level  Hunger
a - Infusion              Chrm           ###...       4%          1    None
b - Song of Slaying       Chrm           ###.......   8%          2    ##.....
h - Shroud of Golubria    Chrm/Tloc      #.........   14%         2    ##.....


Dungeon Overview and Level Annotations

Branches:
Dungeon (2/27)

Altars:
Nemelex Xobeh


Message History

The worm is lightly wounded.
You hit the worm.
The worm is moderately wounded.
The worm barely misses you.
You hit the worm.
The worm is moderately wounded.
You hit the worm.
The worm is moderately wounded.
The worm bites you!
You hit the worm.
The worm is heavily wounded.
The worm bites you.
* * * LOW HITPOINT WARNING * * *
You hit the worm but do no damage.
The worm is heavily wounded.
You completely miss the worm.
The worm is heavily wounded.
You are feeling less magically infused.
The worm bites you!
You die...

▒▒▒▒∙▒▒▒∙▒
∙∙∙∙∙∙∙∙∙▒
▒▒▒▒>∙▒▒∙▒▒▒▒▒
▒∙∙∙∙∙∙∙∙∙▒ ▒
▒∙▒▒▒∙▒▒▒∙▒ ∙∙
▒▒▒∙▒▒▒∙▒ ▒∙▒ ▒∙
▒∙∙∙∙∙∙∙▒ ▒∙▒
▒▒▒▒∙∙▒▒▒▒^▒∙▒▒▒∙▒
▒%▒ ∙∙∙∙∙∙∙∙∙∙▒∙∙▒
▒∙▒ ▒∙∙∙∙
▒▒▒∙∙▒▒∙▒▒▒∙▒▒▒∙▒
▒∙∙▒∙ ▒∙∙w@▒▒
▒▒∙∙∙∙▒ ▒▒∙∙
▒∙∙▒▒▒∙▒ ▒∙∙▒▒▒▒
▒∙▒ ∙∙∙ ∙∙▒∙▒∙▒ ∙▒
∙ ∙∙∙∙∙∙▒ ∙▒
∙∙▒∙▒▒▒▒ ∙∙ ▒∙∙▒∙▒
∙▒ ▒ ∙∙ ∙


You could see a worm.

Vanquished Creatures
  An adder (D:2)
  A worm (D:2)
  An ooze (D:1)
  A giant cockroach (D:1)
  6 goblins
  5 hobgoblins
  4 jackals (D:1)
  A ball python (D:1)
  5 bats
  2 giant geckos (D:1)
  A giant newt (D:1)
  3 kobolds
  3 rats
34 creatures vanquished.

Vanquished Creatures (others)
  2 hobgoblins (D:1)
  A kobold (D:2)
  A rat (D:2)
4 creatures vanquished.

Grand Total: 38 creatures vanquished

Notes
Turn   | Place    | Note
--------------------------------------------------------------
     0 | D:1      | Illaniel, the High Elf Skald, began the quest for the Orb.
     0 | D:1      | Reached XP level 1. HP: 13/13 MP: 4/4
    77 | D:1      | Reached skill level 1 in Armour
   178 | D:1      | Reached XP level 2. HP: 11/18 MP: 0/6
   197 | D:1      | Learned a level 2 spell: Song of Slaying
   200 | D:1      | Learned a level 2 spell: Shroud of Golubria
   638 | D:1      | Found a sparkling altar of Nemelex Xobeh.
  1034 | D:2      | Reached XP level 3. HP: 10/23 MP: 0/9
  1219 | D:2      | Reached skill level 4 in Charms
  1343 | D:2      | Slain by a worm

Action                   || total
-------------------------++-------
Melee: Short sword       ||    96
 Cast: Infusion          ||    14
       Shroud of Golubri ||     6
       Song of Slaying   ||     5
